AoeStats
← Hallo22062

Arabia

509890578Analyzed
1v1 RM · 2d ago on Sep 28, 2026· 25m 51s· 2 players
Game mode
Random Map
Map size
Tiny (2 player)
Population
200
Speed
Normal
Resources
Standard
Victory
Conquest
Starting age
Dark Age
Ending age
Imperial Age
RankedLock teamsTeams togetherTeam positionsShared explorationLock speedFull tech treeHidden civsTurbo modeCheats
Victory
Defeat
🇨🇦 Georgians · Canada
1477
+18
🇩🇪 Portuguese · Germany
1525
-18
DK
6:04 Loom
8:54 Feudal Age
9:41 Double-Bit Axe
13:44 Horse Collar
18:20 Forging
20:44 Castle Age
19:14 Scale Barding Armor
20:19 Bloodlines
22:28 Chain Barding Armor
22:15 Husbandry
Hallo22062
7:26 Loom
10:05 Feudal Age
16:46 Double-Bit Axe
18:10 Wheelbarrow
17:32 Horse Collar
22:20 Castle Age
21:19 Gold Mining
21:34 Fletching
23:19 Bodkin Arrow
23:24 Crossbowman
25:05 Padded Archer Armor
Connection lost

Rejoining the realm…

Still unreachable

The connection could not be restored.

Session expired

The server has moved on; the page needs a fresh start.